cohdb
Replays
Latest Replays
All Replays
Popular Replays
Top Player Replays
Match Explorer
How It Works
Community
CoH3 Stats
Reddit
Sign in to upload your games and track your stats! →
Sign in with Steam
Match 42688505
Unlisted
Match 42688505
Overview
Messages
Build Orders
End
Scout Squad
Selects Heavy Weapons
Construct Barracks
Riflemen Squad
Riflemen Squad
Construct Weapon Support Center
Bazooka Squad
Selects M2HB .50cal Heavy Machine Gun
Mechanized Support Center
M1919 Machine Gun Team
Selects Assault Carriers
M3 Assault Carrier
M1919 Machine Gun Team
M1918 Browning Automatic Rifles
Construct Tank Depot
Selects Exchangeable Parts
M3 Assault Carrier
Grenade Package
Designate Forward Repair Station
M18 Hellcat Tank Destroyer
M4A1 Sherman Medium Tank
Riflemen Squad
M4A1 76mm Conversion
M18 Hellcat Tank Destroyer
Engineer Squad
Rapid Repairs
Inicializace jádra
Rivaxis
左膠大將軍
SKILL
紫苏子
Grand.G
Buzz +ive
ChesTerMUST
0
0
Comments
sign in to comment!
No comments posted yet!